 Dungeon Crawl Stone Soup version 0.29-a0-1052-g6990b1bffc (webtiles) character file.

Game seed: 10496613438191245598

183 Newt the Cutter (level 5, 0/38 HPs)
             Began as a Demonspawn Gladiator on Aug 17, 2022.
             Slain by a steam dragon (6 damage)
             ... on level 4 of the Dungeon.
             The game lasted 00:08:45 (3637 turns).

Newt the Cutter (Demonspawn Gladiator)              Turns: 3637, Time: 00:08:45

Health: 0/38       AC:  6    Str: 17    XL:     5   Next: 35%
Magic:  0/0        EV: 12    Int: 13    God:
Gold:   230        SH:  0    Dex: 14    Spells: 4/4 levels left

rFire   + . .      SeeInvis .   a - +0 rapier
rCold   . . .      Faith    .   (no shield)
rNeg    . . .      Spirit   .   p - +0 robe of Truth {Harm rF+ MP-9 Int+4}
rPois   .          Reflect  .   c - +0 helmet
rElec   .          Harm     +   (no cloak)
rCorr   .          Rampage  .   (no gloves)
Will    .....                   (no boots)
Stlth   ++........              q - amulet of regeneration
HPRegen 0.92/turn               (no ring)
MPRegen 0.07/turn               (no ring)

@: no status effects
A: thin metallic scales 2, condensation shield
a: no special abilities


You were on level 4 of the Dungeon.
You visited 1 branch of the dungeon, and saw 4 of its levels.

You collected 230 gold pieces.

Inventory:

Hand Weapons
 a - a +0 rapier (weapon)
Missiles
 d - 3 throwing nets
 e - a javelin
 f - 37 stones (quivered)
Armour
 b - a +0 leather armour
 c - a +0 helmet (worn)
 p - the +0 robe of Truth (worn) {Harm rF+ MP-9 Int+4}
   (You found it on level 2 of the Dungeon)

   Int:       It affects your intelligence (+4).
   rF:        It protects you from fire.
   MP:        It affects your magic capacity (-9).
   Harm:      It increases damage dealt and taken.
 s - a +2 leather armour of fire resistance
Jewellery
 q - an amulet of regeneration (around neck)
Scrolls
 h - a scroll of poison {unknown}
 i - a scroll of enchant weapon {unknown}
 j - a scroll of magic mapping {unknown}
 l - a scroll of teleportation {unknown}
 n - a scroll of brand weapon {unknown}
 r - a scroll of amnesia {unknown}
 v - a scroll of identify {unknown}
 w - a scroll of fear {unknown}
Potions
 g - a potion of brilliance
 m - a potion of might {unknown}
 o - a potion of degeneration {unknown}
 t - 2 potions of haste {unknown}
 u - 2 potions of curing


   Skills:
 - Level 2.0 Fighting
 - Level 4.0 Short Blades
 + Level 3.6 Throwing
 - Level 2.6 Dodging
 - Level 2.0 Stealth


You had 4 spell levels left.
You didn't know any spells.
Your spell library contained the following spells:

 Spells                   Type           Power      Damage    Failure   Level
 Beastly Appendage        Tmut           0%         N/A       30%         1
 Wereblood                Tmut           0%         N/A       43%         2
 Gell's Gravitas          Tloc           0%         N/A       67%         3
 Lesser Beckoning         Tloc           0%         N/A       67%         3
 Spider Form              Tmut/Pois      0%         N/A       67%         3
 Teleport Other           Tloc           0%         N/A       67%         3


Dungeon Overview and Level Annotations

Branches:
Dungeon (4/15)
 Temple: D:4-7

Altars:

Annotations:
D:3 Grinder


Innate Abilities, Weirdness & Mutations

You are mostly covered in thin metallic scales. (AC +3)
A meltable shield of frost defends you. (SH +0)


Message History

The steam dragon bites you but does no damage.
The steam dragon closely misses you.
You hit the steam dragon but do no damage.
The steam dragon is heavily wounded.
The steam dragon bites you!
* * * LOW HITPOINT WARNING * * *
The steam dragon misses you.
You feel much better. The steam dragon barely misses you.
The steam dragon closely misses you.
You closely miss the steam dragon.
The steam dragon is heavily wounded.
The steam dragon closely misses you.
The steam dragon claws you but does no damage.
You hit the steam dragon.
The steam dragon is heavily wounded.
The steam dragon bites you! The steam dragon claws you.
You barely miss the steam dragon.
The steam dragon is heavily wounded.
The steam dragon closely misses you. The steam dragon claws you.
You hit the steam dragon but do no damage.
The steam dragon is heavily wounded.
The steam dragon breathes steam at you. The ball of steam misses you.
You hit the steam dragon.
The steam dragon is severely wounded.
The steam dragon barely misses you. The steam dragon closely misses you.
You hit the steam dragon.
The steam dragon is severely wounded.
The steam dragon breathes steam at you.
The ball of steam hits you but does no damage.
You resist.
You hit the steam dragon but do no damage.
The steam dragon is severely wounded.
The steam dragon bites you. The steam dragon claws you.
You hit the steam dragon but do no damage.
The steam dragon is severely wounded.
The steam dragon bites you!
* * * LOW HITPOINT WARNING * * *
The steam dragon claws you.
You die...

#..................# #..######
#............##....## #..#
#.........##..........#..#
####...##.######.........######
######<..##.## ###.##.##.......
.......).....#######.##.##.####..
#######.........§....##.##.# #.#
#####.####§##..##.##.## #.# #.#
#@##..##.#...###.# #.#
#D..#........†.... #.#
###...##.#...###.#
#.######.#.#...#.## #.#
#................# #.#
#.#####..###...### #.# #†#
#..####.## #.# ####### #.#
#....##.# #.. ...>..# #.#
#.......# ###


You could see a steam dragon (catching breath).

Vanquished Creatures
  A hound (D:4)
  7 adders
  3 worms (D:2)
  5 ball pythons
  6 endoplasms
  4 giant cockroaches
  4 goblins
  5 hobgoblins
  14 jackals
  7 kobolds
  2 quokkas (D:1)
  7 bats
  5 frilled lizards
  2 rats
72 creatures vanquished.

Vanquished Creatures (others)
  A plant (D:1)
1 creature vanquished.

Grand Total: 73 creatures vanquished

Notes
Turn   | Place    | Note
-------+----------+-------------------------------------------
     0 | D:1      | Newt the Demonspawn Gladiator began the quest for the Orb.
     0 | D:1      | Reached XP level 1. HP: 16/16 MP: 1/1
   237 | D:1      | Reached skill level 1 in Stealth
   292 | D:1      | Gained mutation: You are partially covered in thin metallic
                  | scales. (AC +2) [demonic ancestry]
   292 | D:1      | Reached XP level 2. HP: 20/22 MP: 2/2
   559 | D:1      | Reached skill level 3 in Short Blades
   714 | D:1      | Found a faded altar of an unknown god.
   869 | D:1      | Reached XP level 3. HP: 18/27 MP: 3/3
  1927 | D:2      | Gained mutation: A meltable shield of frost defends you.
                  | (SH +0) [demonic ancestry]
  1927 | D:2      | Reached XP level 4. HP: 33/33 MP: 4/4
  1930 | D:2      | Reached skill level 4 in Short Blades
  1956 | D:2      | Identified the +0 robe of Truth {Harm rF+ MP-9 Int+4}
  2814 | D:3      | Noticed Grinder
  3020 | D:3      | Paralysed by Grinder for 4 turns
  3036 | D:3      | Paralysed by Grinder for 4 turns
  3217 | D:4      | Gained mutation: You are mostly covered in thin metallic
                  | scales. (AC +3) [demonic ancestry]
  3217 | D:4      | Reached XP level 5. HP: 38/38 MP: 0/5
  3352 | D:4      | Noticed a steam dragon
  3637 | D:4      | Slain by a steam dragon

Illustrated notes

Levels and vault maps discovered:
D:1:      amcnicky_arrival_underground_garden, layout_loops_corners,
          dreamdust_ecumenical_altar_grove
D:2:      layout_basic, serial_rivers, chequers_serial_rivers_micro_b,
          chequers_serial_rivers_large_a, chequers_serial_rivers_small_a,
          chequers_serial_rivers_large_b, chequers_serial_rivers_marsh,
          chequers_serial_rivers_small_b, kennysheep_generic_room_12
D:3:      minmay_bubble_buster, layout_basic, jmf_multi_god_temple, uniq_grinder
D:4:      layout_loops_ring, lemuel_old_faithful

Skill      XL: |  1  2  3  4 |
---------------+-------------+-----
Stealth        | 1 2 |  2.0
Short Blades   | 3 4 |  4.0
Throwing       | 3 |  3.6
Fighting       | |  2.0
Dodging        | |  2.6

Action                   |  1- 3 |  4- 6 || total
-------------------------+-------+-------++-------
Melee: Rapier            |   193 |   149 ||   342
       Punch             |       |     3 ||     3
Throw: Stone             |     2 |       ||     2
  Use: Potion            |       |     4 ||     4
 Stab: Sleeping          |     3 |     3 ||     6
Armor: Leather armour    |    67 |       ||    67
       Robe              |       |    38 ||    38
Dodge: Dodged            |   110 |    75 ||   185
Block: Other             |       |    28 ||    28

Table legend: (Time is in decaauts)
 A = Elapsed time spent in this place.
 B = Non-inter-level travel time spent in this place.
 C = Inter-level travel time spent in this place.
 D = Time resting spent in this place.
 E = Time spent auto-exploring this place.
 F = Levels seen in this place.
 G = Mean time per level.
                   A        B        C        D        E       F      G
               +--------+--------+--------+--------+--------+-----+--------+
         Total |   3714 |   3664 |     50 |    808 |   1932 |   4 |  928.5 |
       Dungeon |   3714 |   3664 |     50 |    808 |   1932 |   4 |  928.5 |
               +--------+--------+--------+--------+--------+-----+--------+

Top non-repeatable levels by time:
     D:2: 1391 daAuts
     D:1: 1386 daAuts
     D:4: 570 daAuts
     D:3: 365 daAuts
